 Dungeon Crawl Stone Soup version 0.18-a0-674-g00855b9 (webtiles) character file.

2075 Raultor the Cleaver (level 9, -2/78 HPs)
             Began as a Hill Orc Gladiator on Dec 6, 2015.
             Killed by divine providence
             ... invoked by an orc priest
              (15 damage)
             ... on level 6 of the Dungeon.
             The game lasted 00:16:16 (5760 turns).

Raultor the Cleaver (Hill Orc Gladiator)            Turns: 5760, Time: 00:16:16

Health: -2/78      AC: 11    Str: 21    XL:     9   Next: 26%
Magic:  9/9        EV: 13    Int:  8    God:
Gold:   197        SH:  0    Dex: 11    Spells: 0 memorised, 8 levels left

rFire  . . .     SeeInvis +     a - +0 war axe
rCold  . . .     Clarity  +     m - +0 ring mail
rNeg   . . .     SustAt   .     (no shield)
rPois  .         Gourm    .     u - +1 helmet
rElec  .         Spirit   .     (no cloak)
rCorr  .         Dismiss  .     f - +2 pair of gloves
rMut   .         Stasis   .     (no boots)
MR     .....                    D - amulet of clarity {Clar, !d}
Stlth  +.........               (no ring)
                                z - ring of see invisible {sInv, !d}

@: not resistant to hostile enchantments, very unstealthy
A: no striking features
a: Convert to Beogh


You were on level 6 of the Dungeon.
You were hungry.

You visited 1 branch of the dungeon, and saw 7 of its levels.

You collected 417 gold pieces.
You spent 220 gold pieces at shops.

Inventory:

Hand Weapons
 a - a +0 war axe (weapon)
Missiles
 d - 5 throwing nets {=f, !d}
Armour
 f - a +2 pair of gloves (worn)
   (You found it on level 1 of the Dungeon)
 m - a +0 ring mail (worn)
   (You found it on level 2 of the Dungeon)
 u - a +1 helmet (worn)
   (You found it on level 3 of the Dungeon)
Jewellery
 z - a ring of see invisible (left hand) {sInv, !d}
   (You found it on level 7 of the Dungeon)
 D - an amulet of clarity (around neck) {Clar, !d}
   (You bought it in a shop on level 4 of the Dungeon)
Wands
 k - a wand of random effects (16)
   (You found it on level 2 of the Dungeon)
 t - a wand of polymorph (13)
   (You found it on level 3 of the Dungeon)
 w - a wand of disintegration (7)
   (You found it on level 3 of the Dungeon)
 C - a wand of lightning (0)
   (You found it on level 4 of the Dungeon)
 E - a wand of enslavement (5)
   (You found it on level 4 of the Dungeon)
Scrolls
 c - a scroll of enchant armour {unknown}
 h - 3 scrolls of magic mapping {unknown}
 i - 2 scrolls of identify
 l - 3 scrolls of remove curse
 n - a scroll of immolation {unknown}
 p - a scroll of random uselessness {unknown}
 v - a scroll of recharging {unknown}
 y - 2 scrolls of teleportation {unknown}
 A - a scroll of fog {unknown}
Potions
 q - 5 potions of curing {unknown}
 r - 2 potions of flight {unknown}
 s - a potion of brilliance
 x - 2 potions of poison {unknown}
 B - a potion of agility {unknown}
 G - 2 potions of cancellation {unknown}
 J - a potion of lignification {unknown}
Books
 H - a book of Hinderance
   (You found it on level 5 of the Dungeon)
Comestibles
 b - 4 meat rations {@e2}
 e - 8 bread rations {@e1}
 g - 3 fruits
 j - a beef jerky
 o - 3 royal jellies


   Skills:
 + Level 6.6 Fighting
 * Level 10.6 Axes
 - Level 1.7 Throwing
 + Level 5.5 Armour
 + Level 5.1 Dodging


You had 8 spell levels left.
You didn't know any spells.

Dungeon Overview and Level Annotations

Branches:
Dungeon (7/15)
 Temple: D:4-7

Altars:
Gozag
Sif Muna
The Shining One

Shops:
D:4 %=   D:5 =([

Annotations:
D:7 zero's ghost, novice GrBe


Message History

You barely miss zero's ghost.
Zero's ghost hits you but does no damage.
You hit zero's ghost but do no damage. Zero's ghost barely misses you.
You hit zero's ghost but do no damage.
Zero's ghost hits you but does no damage.
You hit zero's ghost but do no damage. Zero's ghost completely misses you.
You hit zero's ghost. Zero's ghost hits you!
You take 14 damage, and have 64/78 hp.
You hit zero's ghost but do no damage. Zero's ghost hits you!
You take 17 damage, and have 47/78 hp.
MASSIVE DAMAGE!!
Zero's ghost barely misses you.
You climb upwards.
There is a stone staircase leading down here.
You start resting.
An orc wizard comes into view. It is wielding a dagger.
You regained 15 hp, and now have 62/78 hp.
The orc wizard shouts!
The orc wizard gestures wildly while chanting.
The orc wizard blinks!
No target in view!
Done exploring. 2 orcs come into view.
The orc shouts! x2
The orc wizard mumbles some strange words.
The orc wizard blinks!
An orc priest comes into view. It is wielding a hand axe.
The orc priest shouts!
The orc hits you with a flail.
You take 3 damage, and have 60/78 hp.
You hit the orc. The orc hits you but does no damage.
You barely miss the orc. The orc barely misses you. The orc closely misses you.
You hit the orc but do no damage.
The orc hits you from afar with a trident.
You take 1 damage, and have 59/78 hp.
You closely miss the orc. The orc barely misses you.
The orc closely misses you.
The orc priest calls down the wrath of Beogh upon you.
Something smites you!
You take 11 damage, and have 48/78 hp.
You barely miss the orc. The orc misses you.
The orc hits you but does no damage.
You barely miss the orc. The orc misses you.
The orc hits you but does no damage.
An orc comes into view. It is wielding a flail.
You hit the orc. The orc hits you but does no damage.
The orc hits you but does no damage.
You completely miss the orc. The orc hits you but does no damage.
The orc wizard gestures wildly while chanting.
The orc wizard blinks!
Aim: an orc priest, wielding a hand axe Nothing appears to happen.
The orc barely misses you.
Aim: an orc priest, wielding a hand axe (chance to defeat MR: 65%)
The orc is blasted.
You blow up the orc!
Evoking this partially-identified wand wasted a few charges.
The orc hits you from afar with a trident.
You take 4 damage, and have 45/78 hp.
The orc barely misses you.
The orc priest calls down the wrath of Beogh upon you.
Something smites you!
Things that are here:
a flail; a leather armour You take 15 damage, and have 30/78 hp.
The orc priest shouts, "Surrender to Beogh and we'll let you live!"
You hit the orc but do no damage. The orc hits you with a trident.
You take 1 damage, and have 29/78 hp.
You hit the orc. The orc closely misses you.
The orc priest looks braver for a moment.
You slash the orc!
You kill the orc!
The orc priest shouts, "Beogh is our master!
Accept the truth or die!"
You slash the orc!
You kill the orc!
The orc priest shouts, "Join the one true god or die!"
Things that are here:
a flail; a trident; a chain mail You slash the orc wizard!
You closely miss the orc wizard.
The orc wizard hits you but does no damage.
The orc priest calls down the wrath of Beogh upon you.
Something smites you!
* * * LOW HITPOINT WARNING * * *
You take 14 damage, and have 16/78 hp.
You hit the orc wizard.
The orc wizard hits you but does no damage.
You closely miss the orc wizard. The orc wizard barely misses you.
You closely miss the orc wizard. The orc wizard closely misses you.
You slash the orc wizard!
You kill the orc wizard!
You hit the orc priest.
The orc priest shouts, "Beogh is our master!
Accept the truth or die!"
The orc priest hits you with a hand axe.
* * * LOW HITPOINT WARNING * * *
You take 4 damage, and have 13/78 hp.
You barely miss the orc priest.
The orc priest threatens, "By the altar or by the axe, you will meet Beogh!"
The orc priest calls down the wrath of Beogh upon you.
Something smites you!
You die...

#.......###.########.#.### #.
####....# #.......##.#.# #)
####>###.#####.##.#.# #. #.....#
#.##.#.# #. ###.#### #.##.#.##
#. #....# #.##....# #. ####.#
#.##....####. ###############)#
#.#.>.....##. #............##@#
#.#..........
#.##########.##o####.#.......###
#.# #......##.###...### #.#
######.##.# #...# #.#
#.##.####.## #.# #.....# #.# #.#
########.###.###)#
##.########........# #...))#
..........<........###.#####


You could see an orc priest.

Vanquished Creatures
  Grinder (D:6)
  Menkaure (D:6)
  2 ice beasts
  A phantom (D:3)
  3 ogres (D:6)
  A centaur (D:6)
  2 giant frogs
  A scorpion (D:5)
  5 crimson imps
  A quasit (D:5)
  A hound (D:6)
  2 orc priests
  A centaur skeleton (D:4)
  6 orc wizards
  A giant frog skeleton (D:4)
  4 worker ants
  A hound zombie (D:5)
  7 gnolls (D:4)
  10 adders
  2 oozes
  An adder zombie (D:5)
  2 adder skeletons (D:4)
  3 worms
  4 giant geckos
  26 orcs
  10 bats
  3 giant cockroaches (D:2)
  23 goblins
  8 hobgoblins
  4 jackals
  2 quokkas (D:2)
  6 giant newts
  A jackal skeleton (D:6)
  A jackal zombie (D:5)
  15 kobolds
  10 rats
172 creatures vanquished.

Notes
Turn   | Place    | Note
--------------------------------------------------------------
     0 | D:1      | Raultor the Hill Orc Gladiator began the quest for the Orb.
     0 | D:1      | Reached XP level 1. HP: 18/18 MP: 1/1
    84 | D:1      | Reached XP level 2. HP: 19/25 MP: 2/2
   247 | D:1      | Reached XP level 3. HP: 26/30 MP: 3/3
   335 | D:1      | Reached skill level 5 in Axes
   608 | D:2      | Reached skill level 3 in Fighting
   830 | D:2      | Reached skill level 1 in Armour
   835 | D:2      | Reached XP level 4. HP: 33/38 MP: 4/4
  1283 | D:2      | Reached XP level 5. HP: 39/45 MP: 5/5
  1732 | D:3      | Reached skill level 2 in Armour
  1743 | D:3      | Noticed a phantom
  1763 | D:3      | Reached skill level 3 in Dodging
  1814 | D:3      | Reached skill level 6 in Axes
  1851 | D:3      | Killed a phantom
  1851 | D:3      | Reached XP level 6. HP: 37/52 MP: 6/6
  1979 | D:3      | Found an opulent altar of Gozag.
  2615 | D:4      | Reached skill level 4 in Fighting
  2630 | D:4      | Reached skill level 3 in Armour
  2889 | D:4      | Found Hous's Food Shop.
  2917 | D:4      | Reached skill level 7 in Axes
  2944 | D:4      | Reached XP level 7. HP: 41/59 MP: 7/7
  3171 | D:4      | Found Fimpabb's Jewellery Shoppe.
  3187 | D:4      | Bought an uncursed amulet of clarity for 220 gold pieces
  3468 | D:5      | Entered Level 5 of the Dungeon
  3468 | D:5      | Found Cirahipo's Jewellery Emporium.
  3890 | D:5      | Reached skill level 5 in Fighting
  3890 | D:5      | Reached skill level 8 in Axes
  3926 | D:5      | Reached skill level 4 in Armour
  3959 | D:5      | Found Sagekhis's Antique Armour Shop.
  3996 | D:5      | Reached skill level 4 in Dodging
  3996 | D:5      | Reached XP level 8. HP: 61/68 MP: 8/8
  4156 | D:5      | Found a glowing golden altar of the Shining One.
  4255 | D:5      | Found Ytheckoc's Antique Weapon Shoppe.
  4308 | D:5      | Found a glowing golden altar of the Shining One.
  4309 | D:5      | Found a deep blue altar of Sif Muna.
  4416 | D:6      | Noticed Menkaure
  4447 | D:6      | HP: 14/69 [Menkaure (5)]
  4447 | D:6      | HP: 3/69 [ogre/giant club (11)]
  4450 | D:6      | Killed Menkaure
  4450 | D:6      | Reached skill level 9 in Axes
  4459 | D:6      | HP: 13/70 [hound (3)]
  4799 | D:6      | Noticed Grinder
  4809 | D:6      | Paralysed by Grinder for 2 turns
  4819 | D:6      | Paralysed by Grinder for 6 turns
  4830 | D:6      | Killed Grinder
  4830 | D:6      | Reached skill level 6 in Fighting
  4830 | D:6      | Reached skill level 5 in Armour
  5172 | D:6      | Reached skill level 10 in Axes
  5188 | D:6      | Reached XP level 9. HP: 50/75 MP: 9/9
  5383 | D:6      | Reached skill level 5 in Dodging
  5639 | D:7      | Noticed zero's ghost (novice GrBe)
  5754 | D:6      | HP: 16/78 [orc priest/divine providence (14)]
  5759 | D:6      | HP: 13/78 [orc priest/hand axe (4)]
  5760 | D:6      | Killed from afar by an orc priest

Vault maps used:
D:1:      shiori_arrival_maze, serial_glass, glass_columns_b, glass_columns_a,
          glass_columns_a, glass_columns_b, glass_columns_b, glass_columns_a,
          serial_bayou_pond_b
D:2:      forest_paths
D:3:      serial_bayou, serial_bayou_lagoon_a, serial_bayou_pond_c,
          serial_bayou_shore_a, serial_bayou_lagoon_b, first_bread,
          nicolae_gozag_cash_rules_everything_around_me
D:4:      serial_shops, shop, shop_coins
D:5:      gammafunk_temple_overflow_statue, serial_shops, kennysheep_mini_moat,
          shop, nicolae_shop_crystal, nicolae_tso_carved_into_rock
D:6:      minmay_ogre_servants, uniq_menkaure, uniq_grinder
D:7:      minmay_temple_entry_purple_smoke, serial_glass, glass_columns_b,
          glass_columns_c, uniq_duvessa

Action                   |  1- 3 |  4- 6 |  7- 9 || total
-------------------------+-------+-------+-------++-------
Melee: War axe           |   101 |   291 |   305 ||   697
Evoke: Wand              |       |       |     9 ||     9
  Use: Potion            |       |     2 |     1 ||     3
       Scroll            |       |       |     2 ||     2
  Eat: Chunk             |       |     7 |     9 ||    16

Vault maps used:
D:1:      shiori_arrival_maze, serial_glass, glass_columns_b, glass_columns_a,
          glass_columns_a, glass_columns_b, glass_columns_b, glass_columns_a,
          serial_bayou_pond_b
D:2:      forest_paths
D:3:      serial_bayou, serial_bayou_lagoon_a, serial_bayou_pond_c,
          serial_bayou_shore_a, serial_bayou_lagoon_b, first_bread,
          nicolae_gozag_cash_rules_everything_around_me
D:4:      serial_shops, shop, shop_coins
D:5:      gammafunk_temple_overflow_statue, serial_shops, kennysheep_mini_moat,
          shop, nicolae_shop_crystal, nicolae_tso_carved_into_rock
D:6:      minmay_ogre_servants, uniq_menkaure, uniq_grinder
D:7:      minmay_temple_entry_purple_smoke, serial_glass, glass_columns_b,
          glass_columns_c, uniq_duvessa

Table legend:
 A = Turns spent in this place as a percentage of turns spent in the entire game.
 B = Non-inter-level travel turns spent in this place as a percentage of non-inter-level travel turns spent in the entire game.
 C = Inter-level travel turns spent in this place as a percentage of turns spent in this place.
 D = Turns resting spent in this place as a percentage of non-inter-level travel turns spent in this place.
 E = Turns spent auto-exploring this place as a percentage of non-inter-level travel turns spent in this place.
 F = Non-inter-level travel turns spent in this place divided by the number of levels of this place that you've seen.
                   A       B       C       D       E      F
               +-------+-------+-------+-------+-------+----------------------
         Total | 100.0 | 100.0 |   0.5 |   1.6 |  12.2 | 216.4
       Dungeon | 100.0 | 100.0 |   0.5 |   1.6 |  12.2 | 216.4
               +-------+-------+-------+-------+-------+----------------------

Table legend:
 A = Kills in this place as a percentage of kills in entire the game.
 B = Kills by you in this place as a percentage of kills by you in the entire game.
 C = Kills by friends in this place as a percentage of kills by friends in the entire game.
 D = Other kills in this place as a percentage of other kills in the entire game.
 E = Experience gained in this place as a percentage of experience gained in the entire game.
 F = Experience gained in this place divided by the number of levels of this place that you have seen.
                   A       B       C       D       E      F
               +-------+-------+-------+-------+-------+----------------------
         Total | 100.0 | 100.0 |  -nan |  -nan | 100.0 | 423.6
       Dungeon | 100.0 | 100.0 |  -nan |  -nan | 100.0 | 423.6
               +-------+-------+-------+-------+-------+----------------------
